Map: Ночной сумрак РВ

Players

Dolmatt - Winner!

  • Race: Terran Terran
  • League: Diamond
  • Spawn Location: 5:00

AREyouCRYING

  • Race: Protoss Protoss
  • Spawn Location: 11:00

VOD

Have the link to the VOD?

Description

Time

  • Played on: Jan. 16, 2020, 3:16 p.m.
  • Length: 8:37
Show
View Real Time Build Order
Export as new Build Order

Dolmatt Terran - Winner!

Build Orders:  

Get SALT Encoding   

  12  0:01  SCV  
  13  0:13  SCV  
  14  0:17  Supply Depot  
  14  0:25  SCV  
  15  0:31  Refinery  
  15  0:39  SCV  
  16  0:45  Barracks  
  16  0:52  SCV  
  17  1:05  SCV  
  18  1:22  Supply Depot  
  17  1:39  Bunker  
  17  1:48  Marine  
  17  1:53  Supply Depot  
  17  2:05  Marine  
  18  2:15  Barracks  
  18  2:23  Marine  
  19  2:31  SCV  
  18  2:41  Marine  
  13  2:59  Marine  
  13  3:00  SCV  
  12  3:26  SCV  
  12  3:38  SCV, Marine  
  14  3:44  Marine  
  15  3:50  SCV  
  16  4:02  SCV  
  17  4:12  Factory  
  17  4:19  Marine  
  17  4:23  Marine  
  19  4:27  SCV  
  20  4:43  Marine  
  21  4:47  Marine  
  21  4:49  SCV  
  23  5:01  SCV, Factory Tech Lab  
  23  5:05  Marine  
  25  5:13  SCV, Marine  
  27  5:25  SCV, Marine  
  29  5:33  Marine  
  30  5:37  SCV  
  31  5:49  SCV  
  27  6:01  SCV  
  27  6:02  Siege Tank  
  31  6:07  Refinery, Starport  
  31  6:41  Marine  
  31  6:50  Supply Depot x2  
  31  6:53  Barracks Tech Lab  
  31  6:56  Orbital Command  
  31  7:10  Supply Depot  
  31  7:11  Medivac  
  33  7:23  Marine  
  34  7:34  SCV  
  35  7:41  Medivac  
  38  7:58  SCV  
  38  8:02  Barracks Reactor  
  38  8:10  SCV  
  38  8:12  Starport Tech Lab  
  39  8:13  Engineering Bay  
  39  8:14  Marine  
  40  8:22  SCV  
Show
View Real Time Build Order
Export as new Build Order

AREyouCRYING Protoss 

Build Orders:  

Get SALT Encoding   

  12  0:00  Probe (Chrono Boost)  
  13  0:09  Probe (Chrono Boost)  
  14  0:17  Pylon  
  14  0:21  Probe  
  16  0:35  Probe  
  16  0:38  Forge  
  16  0:47  Pylon  
  16  1:07  Gateway  
  16  1:11  Photon Cannon  
  15  1:19  Pylon  
  14  1:38  Pylon  
  14  1:47  Assimilator  
  14  2:04  Photon Cannon  
  14  2:05  Photon Cannon  
  14  2:07  Zealot (Chrono Boost)  
  16  2:21  Cybernetics Core  
  16  2:36  Photon Cannon  
  16  2:39  Zealot (Chrono Boost)  
  16  2:42  Probe  
  18  2:54  Photon Cannon  
  18  3:28  Probe  
  18  3:31  Assimilator  
  17  3:39  Stargate  
  17  3:40  Probe (Chrono Boost)  
  18  3:42  Shield Battery  
  18  3:47  Shield Battery  
  18  3:52  Probe (Chrono Boost)  
  19  4:01  Probe (Chrono Boost)  
  17  4:17  Probe  
  22  4:47  Pylon  
  22  4:57  Pylon  
  18  5:01  Probe  
  19  5:13  Probe  
  20  5:21  Pylon  
  20  5:22  Photon Cannon  
  20  5:23  Shield Battery  
  20  5:24  Photon Cannon  
  20  5:26  Shield Battery  
  20  5:30  Pylon  
  8  6:22  Pylon  
  8  6:36  Pylon  
  7  6:49  Probe (Chrono Boost)  
  8  6:59  Probe (Chrono Boost)  
  9  7:04  Probe (Chrono Boost)  
  11  7:16  Probe (Chrono Boost)  
  11  7:24  Probe (Chrono Boost)  
  12  7:31  Probe  
  13  7:39  Stargate  
  13  7:43  Probe (Chrono Boost)  
  14  7:52  Probe (Chrono Boost)  
  15  7:58  Photon Cannon  
  15  8:01  Probe  
  16  8:11  Shield Battery  
  16  8:20  Shield Battery  
Tags
 
Add a new tag
Caveats
  • Supply blocks, unpowered buildings, or Contaminate may cause inaccurate times.
  • Supply counts are checked every 10 seconds.